 Dungeon Crawl Stone Soup version 0.20-a0-553-g9f38e11 (webtiles) character file.

128 Klosterheim the Cudgeler (level 4, -2/39 HPs)
             Began as a Minotaur Fighter on Feb 3, 2017.
             Slain by an ogre
             ... wielding a +0 giant club
              (12 damage)
             ... on level 3 of the Dungeon.
             The game lasted 00:02:59 (1915 turns).

Klosterheim the Cudgeler (Minotaur Fighter)         Turns: 1915, Time: 00:03:00

Health: -2/39      AC: 13    Str: 21    XL:     4   Next: 87%
Magic:  3/3        EV:  3    Int:  5    God:
Gold:   164        SH:  9    Dex: 10    Spells: 3/3 levels left

rFire    . . .     SeeInvis .   a - +0 flail
rCold    . . .     Gourm    .   l - +0 plate armour
rNeg     . . .     Faith    .   c - +0 shield
rPois    .         Spirit   .   (helmet restricted)
rElec    .         Reflect  .   q - +0 cloak
rCorr    .         Harm     .   t - +0 pair of gloves
MR       .....                  (no boots)
Stlth    ..........             (no amulet)
Regen    0.2/turn               i - ring of loudness (curse)
                                r - ring of stealth

@: no status effects
A: retaliatory headbutt, horns 2, talons 1, sense surroundings 1, subdued magic
1
a: no special abilities


You were on level 3 of the Dungeon.
You were not hungry.

You visited 1 branch of the dungeon, and saw 3 of its levels.

You collected 164 gold pieces.

Inventory:

Hand Weapons
 a - a +0 flail (weapon)
Armour
 c - a +0 shield (worn)
 l - a +0 plate armour (worn)
 q - a +0 cloak (worn)
 t - a +0 pair of gloves (worn)
Jewellery
 i - a cursed ring of loudness (right hand)
 r - a ring of stealth (left hand)
Scrolls
 e - a scroll of magic mapping
 j - a scroll of identify
 n - a scroll of amnesia {unknown}
 w - a scroll of teleportation {unknown}
 x - a scroll of noise {unknown}
 y - a scroll of enchant weapon {unknown}
Potions
 d - a potion of might
 h - a potion of curing
 k - a potion of cure mutation
 p - a potion of heal wounds {unknown}
 u - a potion of brilliance {unknown}
 v - a potion of ambrosia {unknown}
Comestibles
 f - 2 bread rations
 g - 4 meat rations
 m - a royal jelly


   Skills:
 - Level 3.6 Fighting
 + Level 6.2 Maces & Flails
 - Level 3.6 Armour
 - Level 3.6 Shields


You had 3 spell levels left.
You didn't know any spells.

Dungeon Overview and Level Annotations

Branches:
Dungeon (3/15)

Altars:


Innate Abilities, Weirdness & Mutations

You reflexively headbutt those who attack you in melee.
You have a pair of horns on your head.
You have sharp toenails.
You passively map a small area around you.
Your spells are a little easier to cast, but a little less powerful.


Message History

You hit the goblin but do no damage. You claw the goblin, but do no damage.
You block the goblin's attack.
You closely miss the goblin. You headbutt the goblin.
You kill the goblin!
You completely miss the ogre. You block the ogre's attack.
Your shield and plate armour prevent you from hitting the ogre.
The ogre hits you with a giant club.
You thump the ogre! You claw the ogre, but do no damage.
The ogre is heavily wounded.
The ogre hits you with a giant club!!
Ouch! That really hurt!
You sock the ogre! You claw the ogre.
The ogre is severely wounded.
The ogre hits you with a giant club!
* * * LOW HITPOINT WARNING * * *
Your plate armour prevents you from hitting the ogre.
Your kick misses the ogre. You headbutt the ogre.
The ogre is almost dead.
The ogre hits you with a giant club!
You die...

<....# #.##.......#
..#######.####>#####
............##.##
#...#####.#.##..#*###
#.#.####..#...###,g.#
..#..#.....##...# %.#
.###.......####.#,.%#
#* ###....[# #.##g#
#.....# #.@Og#
####### ######


You could see an ogre and 2 goblins.

Vanquished Creatures
  Jessica (D:2)
  A gnoll (D:1)
  4 adders
  3 worms (D:2)
  2 dart slugs (D:1)
  A hobgoblin (D:2)
  4 jackals (D:2)
  8 kobolds
  6 bats
  7 frilled lizards
  9 goblins
  7 rats
53 creatures vanquished.

Notes
Turn   | Place    | Note
-------+----------+-------------------------------------------
     0 | D:1      | Klosterheim the Minotaur Fighter began the quest for the Orb.
     0 | D:1      | Reached XP level 1. HP: 19/19 MP: 0/0
   129 | D:1      | Reached skill level 3 in Maces & Flails
   251 | D:1      | Reached XP level 2. HP: 26/26 MP: 1/1
   584 | D:1      | Reached skill level 4 in Maces & Flails
   635 | D:1      | Reached XP level 3. HP: 30/31 MP: 2/2
   990 | D:2      | Reached skill level 5 in Maces & Flails
  1206 | D:2      | Noticed Jessica
  1209 | D:2      | Killed Jessica
  1209 | D:2      | Reached XP level 4. HP: 39/39 MP: 3/3
  1672 | D:2      | Gained mutation: You passively map a small area around you. [potion of mutation]
  1672 | D:2      | Gained mutation: Your spells are a little easier to cast, but a little less powerful. [potion of mutation]
  1672 | D:2      | Gained mutation: You have sharp toenails. [potion of mutation]
  1690 | D:3      | Reached skill level 6 in Maces & Flails
  1900 | D:3      | Noticed an ogre
  1915 | D:3      | Slain by an ogre

Vault maps used:
D:1:      kennysheep_arrival_seaside
D:2:      uniq_jessica
D:3:      first_bread, minmay_ogre_servants, uniq_iyjb

Skill      XL: |  1  2  3  4 |
---------------+-------------+-----
Maces & Flails | 3 4 5 6 |  6.2
Fighting       | |  3.6
Armour         | |  3.6
Shields        | |  3.6

Action                   |  1- 3 |  4- 6 || total
-------------------------+-------+-------++-------
Melee: Flail             |    78 |    53 ||   131
       Headbutt          |     8 |    11 ||    19
       Kick              |       |     7 ||     7
  Use: Scroll            |       |     6 ||     6
       Potion            |       |     1 ||     1
  Eat: Chunk             |     1 |     2 ||     3
Armor: Scale mail        |    11 |       ||    11
       Chain mail        |    10 |     9 ||    19
       Plate armour      |       |     4 ||     4
Dodge: Dodged            |    21 |    11 ||    32
Block: Shield            |    26 |    21 ||    47
